 Dungeon Crawl Stone Soup version 0.14-a0-1444-g21dc12d (webtiles) character file.

164 July the Sneak (level 4, 0/21 HPs)
             Began as a Spriggan Enchanter on Dec 14, 2013.
             Slain by a gnoll
             ... wielding a +0,+2 halberd of dragon slaying
              (13 damage)
             ... on Level 3 of the Dungeon.
             The game lasted 00:07:55 (2669 turns).

July the Sneak (Spriggan Enchanter)                 Turns: 2669, Time: 00:07:56

HP   0/21        AC  3     Str  5      XL: 4   Next: 40%
MP  12/13        EV 18     Int 16      God:
Gold 69          SH  0     Dex 16      Spells:  3 memorised,  3 levels left

rFire  . . .     SeeInvis +     p - +2,+1 cutlass (elec)
rCold  . . .     Clarity  .     b - +1 robe
rNeg   . . .     Conserve .     (shield restricted)
rPois  .         rCorr    .     (helmet restricted)
rElec  .         rRot     .     (no cloak)
SustAb . .       Spirit   .     (gloves unavailable)
rMut   .         Warding  .     (boots unavailable)
Saprov . . .     Stasis   .     (no amulet)
                                (no ring)
                                (no ring)

@: very quick, slightly resistant to hostile enchantments, very stealthy
A: unfitting armour, see invisible, herbivore 3, speed 3, slow metabolism 2
a: no special abilities


You were on level 3 of the Dungeon.
You were not hungry.

You visited 1 branch of the dungeon, and saw 3 of its levels.

You collected 69 gold pieces.

Inventory:

Hand weapons
 a - a +1,+1 dagger
 o - a +2,+3 dwarven dagger
 p - a +2,+1 cutlass of electrocution (weapon)
Missiles
 d - 46 darts (quivered)
 m - 21 poisoned needles
Armour
 b - a +1 robe (worn)
 j - a +0 robe
Magical devices
 u - a wand of frost (10) {unknown}
Comestibles
 i - 4 bread rations
 k - an apple
Scrolls
 f - 2 scrolls of enchant weapon II {unknown}
 l - a scroll of recharging {unknown}
 n - a scroll of curse jewellery {unknown}
 q - a scroll of remove curse {unknown}
 s - a scroll of blinking {unknown}
 t - a scroll of immolation {unknown}
 v - a scroll of teleportation {unknown}
Potions
 e - a potion of porridge
 g - a potion of speed {unknown}
 h - a potion of degeneration {unknown}
 r - 2 potions of restore abilities {unknown}
Books
 c - a book of Maledictions

   Spells                             Type                      Level
   *Corona                            Hexes                        1
   Sure Blade                         Hexes/Charms                 2
   *Ensorcelled Hibernation           Hexes/Ice                    2
   *Confuse                           Hexes                        3
   Enslavement                        Hexes                        4
   Invisibility                       Hexes                        6


   Skills:
 - Level 1.1 Short Blades
 - Level 1.1 Throwing
 - Level 3.0 Dodging
 - Level 7.0 Stealth
 * Level 3.1 Spellcasting
 - Level 3.6 Hexes


You had 3 spell levels left.
You knew the following spells:

 Your Spells              Type           Power        Failure   Level  Hunger
c - Confuse               Hex            ##......     14%         3    ###....
m - Corona                Hex            ##.....      6%          1    None
s - Ensorcelled Hibernat  Hex/Ice        #.....       14%         2    ##.....


Dungeon Overview and Level Annotations

Branches:
Dungeon (3/16)

Altars:


Innate Abilities, Weirdness & Mutations

You are tiny and cannot use many weapons and most armour.
You have supernaturally acute eyesight.
You are a herbivore.
You cover ground extremely quickly.
You need consume almost no food.


Message History

A gnoll comes into view. It is wielding a glowing halberd.
You slip out of the net!
A gnoll comes into view. It is wielding a spear.
You hit the gnoll.
The gnoll is moderately wounded.
The gnoll barely misses you. The gnoll closely misses you.
A gnoll comes into view. It is wielding a whip.
You barely miss the gnoll.
The gnoll is moderately wounded.
The gnoll misses you. The gnoll closely misses you.
You hit the gnoll.
There is a sudden explosion of sparks!
You kill the gnoll!
Your Spellcasting skill increases to level 3!
The gnoll barely misses you.
You see here a flail.
You barely miss the gnoll. The gnoll closely misses you.
The gnoll hits you from afar with a spear!
The gnoll hits you from afar with a glowing halberd!
Ouch! That really hurt!
You die...

#.# #.# . #.# #.# #.# #.#
#.#### ..# .....# #..
.....# #.# .##
.....############.# ...
...%.....).....##.###.##.#
###
.....#######.#..@)ggg....#
.....# #.(.###########
.....# ##### ######


You could see 3 gnolls.

Vanquished Creatures
  A gnoll (D:3)
  2 green rats (D:3)
  3 adders
  A worm (D:3)
  2 ball pythons
  5 bats
  A giant cockroach (D:2)
  4 goblins
  2 hobgoblins
  A quokka (D:3)
  7 giant newts
  6 kobolds
  4 rats
39 creatures vanquished.

Notes
Turn   | Place    | Note
--------------------------------------------------------------
     0 | D:1      | July, the Spriggan Enchanter, began the quest for the Orb.
     0 | D:1      | Reached XP level 1. HP: 9/9 MP: 4/4
   449 | D:1      | Reached skill level 4 in Stealth
   520 | D:1      | Reached XP level 2. HP: 13/13 MP: 7/7
   845 | D:2      | Reached skill level 5 in Stealth
  1226 | D:2      | Reached XP level 3. HP: 12/16 MP: 9/9
  2035 | D:3      | Found a glowing drain.
  2043 | D:3      | Reached skill level 6 in Stealth
  2356 | D:3      | Reached XP level 4. HP: 21/21 MP: 12/12
  2358 | D:3      | Reached skill level 7 in Stealth
  2387 | D:3      | Learned a level 2 spell: Ensorcelled Hibernation
  2391 | D:3      | Learned a level 3 spell: Confuse
  2669 | D:3      | Slain by a gnoll

Action                   |  1- 3 |  4- 6 || total
-------------------------+-------+-------++-------
Melee: Dagger            |    80 |       ||    80
       Cutlass           |    22 |    14 ||    36
Throw: Dart              |     2 |       ||     2
 Stab: Sleeping          |     6 |     4 ||    10
